 Dungeon Crawl Stone Soup version 0.23.1 (webtiles) character file.

Game seed: 10534235936432161871

2436 Borgoz the Sneak (level 9, -5/71 HPs)
             Began as a Ghoul Enchanter on Mar 14, 2019.
             Slain by a vampire (8 damage)
             ... on level 9 of the Dungeon.
             The game lasted 00:14:51 (7496 turns).

Borgoz the Sneak (Ghoul Enchanter)                  Turns: 7496, Time: 00:14:52

Health: -5/71      AC:  5    Str: 12    XL:     9   Next: 49%
Magic:  0/13       EV: 13    Int: 10    God:
Gold:   347        SH:  0    Dex: 12    Spells: 9/15 levels left

rFire    . . .     SeeInvis .   g - +1 dagger (elec)
rCold    + . .     Gourm    .   (no shield)
rNeg     + + +     Faith    .   m - +2 leather armour {MR+}
rPois    ∞         Spirit   +   (no helmet)
rElec    .         Reflect  .   (no cloak)
rCorr    .         Harm     .   (no gloves)
MR       +....                  (no boots)
Stlth    +++.......             j - amulet of guardian spirit
HPRegen  0.00/turn              (no ring)
MPRegen  0.13/turn              (no ring)

@: rotting, hasted, very quick
A: rotting body, claws 1, carnivore, cold resistance 1, negative energy
resistance 3, inhibited regeneration, torment resistance, unbreathing
a: no special abilities


You were on level 9 of the Dungeon.
You were not hungry.

You visited 1 branch of the dungeon, and saw 8 of its levels.

You collected 347 gold pieces.

Inventory:

Hand Weapons
 g - a +1 dagger of electrocution (weapon)
Armour
 m - a +2 leather armour of magic resistance (worn)
Jewellery
 f - an uncursed amulet of faith
 j - an amulet of guardian spirit (around neck)
Wands
 n - a wand of paralysis (6)
 u - a wand of flame (17)
Scrolls
 a - 6 scrolls of teleportation
 e - 4 scrolls of remove curse
 i - a scroll of immolation {unknown}
 k - 6 scrolls of magic mapping
 l - a scroll of enchant armour
 q - a scroll of fear
 r - a scroll of blinking {unknown}
 v - a scroll of fog {unknown}
Potions
 b - a potion of haste
 h - a potion of lignification
 o - a potion of curing
 p - a potion of berserk rage
 t - a potion of cancellation
Comestibles
 c - 10 chunks of flesh
 d - 13 rations


   Skills:
 + Level 4.1 Fighting
 * Level 4.9 Short Blades
 * Level 4.8 Armour
 + Level 3.9 Dodging
 + Level 5.7 Stealth
 + Level 3.7 Spellcasting
 * Level 5.2 Hexes


You had 9 spell levels left.
You knew the following spells:

 Your Spells              Type           Power        Failure   Level  Hunger
a - Corona                Hex            ##.....      3%          1    #......
b - Ensorcelled Hibernat  Hex/Ice        #.....       17%         2    ###....
c - Confuse               Hex            ##......     12%         3    ###....

Your spell library contained the following spells:

 Spells                   Type           Power        Failure   Level  Hunger
 Tukima's Dance           Hex            ##......     12%         3    ###....
 Freeze                   Ice            #...         32%         1    #......
 Sandblast                Erth           #.....       32%         1    #......
 Dazzling Spray           Conj/Hex       #.....       34%         3    ###....
 Passwall                 Tmut/Erth      #.......     45%         2    ###....
 Throw Frost              Conj/Ice       #.....       45%         2    ###....
 Ozocubu's Armour         Chrm/Ice       #.......     69%         3    ###....
 Stone Arrow              Conj/Erth      #.....       69%         3    ###....
 Petrify                  Tmut/Erth      #.......     97%         4    #####..
 Summon Ice Beast         Ice/Summ       #.......     97%         4    #####..
 Throw Icicle             Conj/Ice       #.......     97%         4    #####..
 Lee's Rapid Deconstruct  Erth           #.........   100%        5    ######.


Dungeon Overview and Level Annotations

Branches:
Dungeon (7/15)
 Temple: D:4-7

Altars:
Dithmenos
Sif Muna

Annotations:
D:3 1 runed translucent door, Irenicus's ghost, amateur DDEE
D:7 2 transporters, nikopol's ghost, novice MiBe


Innate Abilities, Weirdness & Mutations

Your body is rotting away.
You thrive on raw meat.
You are immune to poison.
You have sharp fingernails.
You are carnivorous and can eat meat at any time.
Your flesh is cold resistant. (rC+)
You are immune to negative energy. (rN+++)
You do not regenerate when monsters are visible.
You are immune to unholy pain and torment.
You can survive without breathing.


Message History

Something bites you but does no damage.
Evoke which item? (* to show all) (? for menu, Esc to quit)
Aiming: Throw Flame
Press: ? - help, Shift-Dir - straight line The puff of flame hits something.
Something hits you.
* * * LOW HITPOINT WARNING * * *
Something barely misses you.
Eat one of 12 chunks of flesh? (ye/n/q)
You eat one of the 12 chunks of flesh.
This raw flesh tastes great!
Something hits you but does no damage. Something bites you but does no damage.
Eat one of 11 chunks of flesh? (ye/n/q)
You eat one of the 11 chunks of flesh.
This raw flesh tastes great!
Something hits you!
* * * LOW HITPOINT WARNING * * *
Something bites you!
* * * LOW HITPOINT WARNING * * *
You feel yourself speed up. Something hits you!
* * * LOW HITPOINT WARNING * * *
Something bites you!
You die...

.# .# .#
.# ##.#
#.. #{#
#@# #.#
#.###
#...#
###.# #.#
##### #.#
#...######
#.#
#....>...#
#.#


There were no monsters in sight!

Vanquished Creatures
  A hippogriff (D:7)
  2 hungry ghosts
  2 phantoms
  2 ice beasts
  2 ogres (D:7)
  A necrophage (D:9)
  A crocodile (D:9)
  A big kobold (D:9)
  4 bullfrogs
  A scorpion (D:7)
  4 howler monkeys
  2 crimson imps
  3 hounds
  A jelly (D:6)
  An orc priest (D:5)
  3 orc wizards
  An iguana (D:5)
  6 worker ants
  A hound skeleton (D:5)
  17 adders
  An ooze (D:6)
  8 worms
  3 dart slugs
  3 leopard geckos
  12 orcs
  A ball python (D:5)
  4 giant cockroaches
  11 goblins
  15 hobgoblins
  7 jackals
  14 kobolds
  2 quokkas
  4 bats
  6 frilled lizards
  A leopard gecko skeleton (D:5)
  9 rats
157 creatures vanquished.

Vanquished Creatures (others)
  A sky beast (D:6)
  A worker ant (D:6)
2 creatures vanquished.

Grand Total: 159 creatures vanquished

Notes
Turn   | Place    | Note
-------+----------+-------------------------------------------
     0 | D:1      | Borgoz the Ghoul Enchanter began the quest for the Orb.
     0 | D:1      | Reached XP level 1. HP: 14/14 MP: 2/2
    29 | D:1      | Reached skill level 1 in Short Blades
   176 | D:1      | Reached XP level 2. HP: 10/20 MP: 3/3
  1014 | D:2      | Reached XP level 3. HP: 23/27 MP: 4/4
  1027 | D:2      | Found a deep blue altar of Sif Muna.
  1251 | D:2      | Reached skill level 1 in Armour
  1315 | D:2      | Reached skill level 1 in Fighting
  1315 | D:2      | Reached XP level 4. HP: 19/35 MP: 4/6
  1496 | D:2      | Learned a level 2 spell: Ensorcelled Hibernation
  1500 | D:2      | Learned a level 3 spell: Confuse
  2433 | D:3      | Found a runed translucent door.
  2829 | D:3      | Reached XP level 5. HP: 32/37 MP: 5/7
  3673 | D:3      | Noticed Irenicus's ghost (amateur DDEE)
  4408 | D:4      | Found a shadowy altar of Dithmenos.
  4408 | D:4      | Noticed a phantom
  4437 | D:4      | Killed a phantom
  4437 | D:4      | Reached XP level 6. HP: 35/47 MP: 8/8
  4538 | D:4      | Noticed a hungry ghost
  4548 | D:4      | Killed a hungry ghost
  4548 | D:4      | Reached XP level 7. HP: 45/54 MP: 6/9
  4883 | D:5      | Entered Level 5 of the Dungeon
  5648 | D:6      | Reached XP level 8. HP: 58/62 MP: 8/11
  6708 | D:7      | Reached skill level 5 in Stealth
  6744 | D:7      | Found a transporter.
  6756 | D:7      | Noticed a vampire
  6767 | D:7      | Found a transporter.
  6767 | D:7      | Noticed nikopol's ghost (novice MiBe)
  7007 | D:7      | Noticed a hippogriff
  7042 | D:7      | Killed a hippogriff
  7042 | D:7      | Reached XP level 9. HP: 42/71 MP: 7/13
  7136 | D:7      | Reached skill level 5 in Hexes
  7165 | D:7      | You fall through a shaft for 2 floors!
  7496 | D:9      | HP: 3/71 [something (8)]
  7496 | D:9      | Slain by a vampire

Skill      XL: |  1  2  3  4  5  6  7  8  9 |
---------------+----------------------------+-----
Short Blades   | 1 2 3 4 |  4.9
Dodging        | 2 3 |  3.9
Armour         | 1 2 3 4 |  4.8
Fighting       | 1 2 3 4 |  4.1
Spellcasting   | 2 3 |  3.7
Hexes          | 3 4 5 |  5.2
Stealth        | 4 5 |  5.7

Action                   |  1- 3 |  4- 6 |  7- 9 || total
-------------------------+-------+-------+-------++-------
Melee: Dagger            |    23 |    96 |   366 ||   485
       Short sword       |   165 |   286 |       ||   451
 Cast: Ensorcelled Hiber |       |     2 |     5 ||     7
Evoke: Wand              |       |       |     1 ||     1
  Use: Scroll            |       |     9 |     2 ||    11
       Potion            |       |     4 |     6 ||    10
 Stab: Distracted        |     1 |       |       ||     1
       Sleeping          |       |     2 |    11 ||    13
  Eat: Chunk             |    10 |    21 |    33 ||    64
Armor: Scale mail        |    84 |    88 |       ||   172
       Robe              |     1 |       |       ||     1
       Ring mail         |       |    29 |       ||    29
       Leather armour    |       |       |    90 ||    90
Dodge: Dodged            |    90 |   168 |   176 ||   434
